 Dungeon Crawl Stone Soup version 0.16.0-17-g811c1d7 (console) character file.

960 siepu the Slasher (level 8, -1/46 HPs)
             Began as a Tengu Abyssal Knight on Mar 21, 2015.
             Was a Priest of Lugonu.
             Slain by an orc warrior (12 damage)
             ... in a bailey.
             The game lasted 00:12:37 (5246 turns).

siepu the Slasher (Tengu Abyssal Knight)            Turns: 5246, Time: 00:12:37

Health: -1/46      AC:  7    Str: 13    XL:     8   Next: 14%
Magic:  19/19      EV:  9    Int: 12    God:    Lugonu [***...]
Gold:   277        SH:  0    Dex: 14    Spells: 0 memorised, 7 levels left

rFire  . . .     SeeInvis .     o - +2 short sword (speed)
rCold  . . .     Clarity  .     s - +0 scale mail
rNeg   . . .     SustAb   .     (no shield)
rPois  .         Gourm    .     (helmet restricted)
rElec  .         Spirit   .     (no cloak)
rCorr  .         Warding  .     r - +0 pair of gloves {aux}
rMut   .         Stasis   .     (boots unavailable)
MR     .....                    (no amulet)
Stlth  ..........               (no ring)
                                E - -2 ring of dexterity (curse)

@: not resistant to hostile enchantments, extremely unstealthy
A: able to fly, beak, talons 3
a: Fly, Depart the Abyss, Bend Space, Banish, Renounce Religion


You were in a bailey.
You worshipped Lugonu.
Lugonu was most pleased with you.
You were not hungry.

You visited 2 branches of the dungeon, and saw 7 of its levels.
You visited the Abyss 1 time.
You also visited: Bailey.

You collected 277 gold pieces.


Innate Abilities, Weirdness & Mutations

You can fly.
You have a beak for a mouth.
You have claws for feet.


   Skills:
 - Level 3.0 Fighting
 + Level 7.4 Long Blades
 - Level 2.1 Armour
 - Level 1.1 Dodging
 - Level 6.0 Invocations


You had 7 spell levels left.
You didn't know any spells.

Inventory:

Hand weapons
 a - a +1 falchion
 o - a +2 short sword of speed (weapon)
   (You found it on level 2 of the Dungeon)
Missiles
 g - 3 javelins (quivered) {=f}
 j - 136 stones
 k - 19 poisoned needles
 y - 7 needles of confusion
Armour
 b - a +0 leather armour
 q - a +0 naga barding {aux}
 r - a +0 pair of gloves (worn) {aux}
 s - a +0 scale mail (worn)
Jewellery
 E - a cursed -2 ring of dexterity (left hand)
   (You found it on level 7 of the Dungeon)
Scrolls
 h - 2 scrolls of noise {!r, unknown}
 i - a scroll of fog {!r, unknown}
 l - 8 scrolls of identify {!r, unknown}
 m - 2 scrolls of enchant weapon {!r, unknown}
 p - 2 scrolls of amnesia {!r, unknown}
 u - a scroll of random uselessness {!r, unknown}
 C - a scroll of fear {!r, unknown}
 D - 2 scrolls of remove curse {!r, unknown}
Potions
 e - a potion of heal wounds {!q, unknown}
 f - a potion of haste {!q, unknown}
 n - 2 potions of might {!q, unknown}
 t - a potion of ambrosia {!q, unknown}
 v - a potion of magic {!q, unknown}
 w - a potion of agility {!q, unknown}
 x - a potion of restore abilities {!q, unknown}
 z - 3 potions of curing {!q, unknown}
Books
 B - a book of Battle

   Spells                             Type                      Level
   a - Infusion                       Charms                       1
   b - Shroud of Golubria             Charms/Translocation         2
   c - Song of Slaying                Charms                       2
   d - Spectral Weapon                Hexes/Charms                 3
   e - Regeneration                   Charms/Necromancy            3
Comestibles
 c - 3 bread rations {!e}
 d - a beef jerky {!e}
 A - 2 meat rations {!e}
 F - 2 chunks of flesh {!e}


Message History

You feel somewhat more hungry.
The orc warrior shouts!
The orc shoots a bolt.
The bolt completely misses you.
You start resting.
The orc shouts!
The orc shoots a bolt.
The bolt hits you!
* * * LOW HITPOINT WARNING * * *
You see here a bolt.
The orc shoots a bolt.
The bolt hits you.
* * * LOW HITPOINT WARNING * * *
You see here a bolt.
The orc shoots a bolt.
The bolt misses you.
You see here a bolt.
You see here 3 bolts.
You see here a bolt.
The orc shoots a bolt.
The bolt closely misses you.
The orc shoots a bolt.
The bolt closely misses you.
The orc shoots a bolt.
The bolt barely misses you.
You see here a bolt.
The orc shoots a bolt.
The bolt hits you but does no damage.
You see here a bolt.
You completely miss the orc. You claw the orc, but do no damage.
You peck the orc, but do no damage.
The orc unwields an uncursed arbalest.
The orc closely misses you.
You hit the orc but do no damage. You closely miss the orc. The orc hits you.
* * * LOW HITPOINT WARNING * * *
You hit the orc!
You kill the orc!
Lugonu accepts your kill.
Items here: ( ) [ † an uncursed arbalest; 18 bolts; a ring mail; an orc corpse You butcher the orc corpse.
F - 3 chunks of flesh {!e}
Things that are here:
an uncursed arbalest; 18 bolts; a ring mail
There is a gate leading back out of this place here.
You start resting.
You start resting.
Eating one of 3 chunks of flesh {!e}.
This raw flesh tastes terrible.
You continue eating. x2
There is an empty arch of ancient stone here.
Things that are here:
an uncursed arbalest; 18 bolts; a ring mail You see here a bolt.
HP restored.
The orc shoots a bolt.
The bolt hits you but does no damage.
You see here a bolt.
The orc appears out of thin air!
An orc comes into view. It is wielding an arbalest.
The orc shouts!
The orc shoots a bolt.
The bolt hits you but does no damage.
The orc shoots a bolt.
The bolt hits you but does no damage.
You see here a bolt.
You hit the orc.
The orc is heavily wounded.
The orc unwields an uncursed arbalest.
The orc hits you but does no damage.
You hit the orc but do no damage. You claw the orc.
The orc is severely wounded.
You hit the orc.
You kill the orc!
Lugonu accepts your kill.
Items here: ( ) [ † an uncursed arbalest; 12 bolts; a ring mail; an orc corpse You butcher the orc corpse.
F - 2 chunks of flesh {!e}
Things that are here:
an uncursed arbalest; 12 bolts; a ring mail You start waiting.
An orc warrior comes into view. It is wielding an arbalest.
The orc warrior shouts!
The orc warrior shoots a bolt.
The bolt hits you.
You see here a bolt.
The orc warrior shoots a bolt.
The bolt hits you!!
You see here a bolt.
The orc warrior unwields an uncursed arbalest.
The orc warrior hits you.
You hit the orc warrior but do no damage.
You peck the orc warrior, but do no damage.
The orc warrior barely misses you.
You hit the orc warrior!
The orc warrior is moderately wounded.
You hit the orc warrior but do no damage.
You claw the orc warrior, but do no damage.
The orc warrior is moderately wounded.
The orc warrior hits you.
You closely miss the orc warrior.
The orc warrior is moderately wounded.
You closely miss the orc warrior.
You claw the orc warrior, but do no damage.
The orc warrior is moderately wounded.
The orc warrior hits you!
* * * LOW HITPOINT WARNING * * *
You closely miss the orc warrior.
You claw the orc warrior, but do no damage.
The orc warrior is moderately wounded.
You hit the orc warrior!
The orc warrior is heavily wounded.
The orc warrior hits you!
You die...

#############################
#∩....(......................
#.∩).(.......................
#...((........................
#..(.................)........
#.....(.............(.........
#..(..(.............(.........
#..(....≈≈≈≈≈...@.(...........
#.....)≈≈#.#≈≈.o.............≈
#......≈##.##≈...............≈#
#......≈..^..≈........(......≈o
#......≈##.##≈...............≈#
#..(...≈≈#.#≈≈......###......≈
#...(...≈≈≈≈≈....#### ###....
#...............## ...
#..............# .


You could see an orc warrior.

Vanquished Creatures
  A phantom (D:7)
  An ogre (D:4)
  The ghost of MDvedh the Cutter, an average DEFi (D:3)
  A crimson imp (D:5)
  A hound (D:5)
  An orc priest (D:3)
  A worker ant (D:4)
  An iguana (D:7)
  2 orc wizards (D:4)
  Terence (D:2)
  9 adders
  2 oozes
  19 orcs
  3 giant cockroaches
  12 hobgoblins
  10 jackals
  11 kobolds
  2 quokkas
  11 bats
  3 giant geckos
  5 giant newts
  16 goblins
  9 rats
123 creatures vanquished.

Vanquished Creatures (others)
  The ghost of Fusha the Chiller, an average GrIE of Vehumet (D:4)
  2 orc warriors (Bailey)
  A centaur (D:3)
  A goliath beetle (D:7)
5 creatures vanquished.

Grand Total: 128 creatures vanquished

Notes
Turn   | Place    | Note
--------------------------------------------------------------
     0 | Abyss:1  | siepu, the Tengu Abyssal Knight, began the quest for the Orb.
     0 | Abyss:1  | Reached XP level 1. HP: 14/14 MP: 1/1
    68 | Abyss:1  | Noticed a frost giant skeleton
    72 | D:1      | Escaped the Abyss
   154 | D:1      | Acquired Lugonu's first power
   238 | D:1      | Reached skill level 3 in Long Blades
   238 | D:1      | Reached XP level 2. HP: 17/19 MP: 3/3
   836 | D:2      | Reached XP level 3. HP: 23/23 MP: 4/4
   891 | D:2      | Acquired Lugonu's second power
   956 | D:2      | Reached skill level 4 in Long Blades
  1363 | D:2      | Reached XP level 4. HP: 23/28 MP: 5/5
  1444 | D:2      | Noticed Terence
  1459 | D:2      | Killed Terence
  1459 | D:2      | Reached skill level 5 in Long Blades
  1749 | D:3      | Acquired Lugonu's third power
  2003 | D:3      | Reached XP level 5. HP: 26/32 MP: 8/8
  2308 | D:3      | Reached skill level 6 in Long Blades
  2424 | D:3      | Noticed a centaur
  2444 | D:3      | Banished a centaur
  2690 | D:3      | Noticed MDvedh's ghost (average DEFi)
  2710 | D:3      | Killed MDvedh's ghost
  2710 | D:3      | Reached skill level 3 in Invocations
  2710 | D:3      | Reached XP level 6. HP: 28/37 MP: 9/12
  2969 | D:3      | Found an opulent altar of Gozag.
  3194 | D:4      | Found a stormy altar of Qazlal.
  3235 | D:4      | Noticed Fusha's ghost (average GrIE)
  3241 | D:4      | Banished Fusha's ghost
  3241 | D:4      | Reached XP level 7. HP: 37/41 MP: 12/14
  3487 | D:4      | Noticed Grinder
  3488 | D:4      | Banished Grinder
  3662 | D:4      | Found a staircase to the Ecumenical Temple.
  3876 | Temple   | Entered the Ecumenical Temple
  3997 | D:5      | Entered Level 5 of the Dungeon
  4036 | D:5      | Found Gheot's Gadget Shop.
  4140 | D:5      | You fall through a shaft for 2 floors!
  4237 | D:7      | Reached skill level 6 in Invocations
  4394 | D:7      | Reached XP level 8. HP: 24/46 MP: 19/19
  4468 | D:7      | Found a flagged portal.
  4514 | Bailey   | Entered a bailey
  4734 | Bailey   | Reached skill level 7 in Long Blades
  5246 | Bailey   | Slain by an orc warrior

Vault maps used:
D:1:      kilobyte_arrival_exit_the_forest, minmay_hedge_maze,
          minmay_misc_feat_x
D:2:      first_bread, uniq_terence
D:3:      nicolae_overflow_hidden_temple
D:4:      lemuel_doored_altar, minmay_temple_entry_fiery, uniq_grinder
D:5:      lemuel_round_altar, serial_shops, shop_fountains
D:7:      enter_bailey_3
Temple:   nicolae_temple_hex_pool
Bailey:   bailey_polearm_2, bailey

Action                   |  1- 3 |  4- 6 |  7- 9 || total
-------------------------+-------+-------+-------++-------
Melee: Falchion          |    74 |       |       ||    74
       Short sword       |    17 |   174 |   102 ||   293
Throw: Javelin           |       |     2 |     2 ||     4
Invok: Depart the Abyss  |     1 |       |       ||     1
       Banish            |       |     1 |     5 ||     6
 Abil: Fly               |       |     1 |     1 ||     2
 Stab: Sleeping          |     1 |       |       ||     1
  Eat: Chunk             |     1 |     7 |     8 ||    16
